Map: Deathaura LE

Players

JBWarren

  • Race: Zerg Zerg
  • League: Platinum
  • Spawn Location: 5:00

ViBE - Winner!

  • Race: Terran Terran
  • League: Gold
  • Spawn Location: 11:00

VOD

Have the link to the VOD?

Description

Time

  • Played on: March 24, 2021, 10:33 p.m.
  • Length: 14:22
Show
View Real Time Build Order
Export as new Build Order

JBWarren Zerg 

Build Orders: Hatch First, Muta Ling Bane 

Get SALT Encoding   

  12  0:00  Drone  
  13  0:08  Drone  
  14  0:16  Overlord  
  14  0:34  Drone x3  
  17  0:47  Drone  
  18  0:55  Hatchery  
  17  0:58  Drone  
  18  1:09  Drone  
  19  1:16  Spawning Pool  
  18  1:19  Drone  
  19  1:29  Drone  
  20  1:37  Extractor  
  20  1:39  Overlord  
  19  1:51  Drone  
  20  2:01  Drone  
  21  2:06  Queen  
  23  2:09  Queen, Zergling x2  
  23  2:11  Zergling x2  
  27  2:19  Drone  
  28  2:25  Overlord  
  28  2:33  Drone x2  
  30  2:40  Roach Warren  
  29  2:51  Drone x3  
  32  2:54  Lair  
  32  3:04  Evolution Chamber  
  31  3:07  Drone, Evolution Chamber  
  31  3:08  Drone x2  
  34  3:12  Drone  
  34  3:20  Overlord  
  34  3:25  Drone  
  34  3:26  Drone  
  36  3:27  Drone x2  
  38  3:37  Roach x2  
  38  3:39  Roach  
  38  3:40  Roach x3  
  50  3:48  Extractor  
  50  3:51  Overlord  
  50  3:54  Drone  
  50  3:58  Drone  
  51  4:11  Roach x3  
  51  4:13  Drone  
  51  4:14  Drone x2  
  60  4:22  Overlord  
  60  4:40  Queen  
  60  4:41  Overlord x5  
  62  4:45  Queen  
  62  4:51  Glial Reconstitution  
  64  4:53  Baneling Nest  
  64  4:54  Drone  
  64  4:55  Drone x4  
  68  5:01  Overseer  
  68  5:19  Drone x10  
  68  5:20  Drone  
  79  5:23  Extractor  
  79  5:25  Hatchery  
  77  5:33  Extractor  
  76  5:36  Zerg Ground Armor Level 1  
  76  5:40  Drone x2  
  76  5:41  Drone  
  79  6:08  Drone x3  
  79  6:09  Drone x5  
  87  6:19  Centrifical Hooks  
  87  6:21  Metabolic Boost  
  87  6:26  Hatchery  
  86  6:33  Pneumatized Carapace  
  86  6:54  Queen  
  86  6:55  Extractor x2  
  86  6:56  Spire  
  86  6:58  Roach x3  
  86  6:59  Roach x4  
  98  7:09  Zerg Missile Weapons Level 1  
  87  7:39  Roach x7  
  87  7:40  Roach x7  
  87  7:43  Zergling x2  
  111  8:00  Drone x6  
  117  8:12  Mutalisk  
  119  8:22  Drone  
  119  8:24  Overlord x2  
  119  8:25  Overlord x8  
  120  8:27  Zerg Flyer Armor Level 1  
  120  8:33  Infestation Pit  
  119  8:38  Drone  
  120  8:41  Queen  
  122  8:53  Ravager x2  
  122  8:54  Ravager x4  
  128  8:58  Corruptor  
  130  9:06  Drone x8  
  130  9:07  Drone x13  
  151  9:10  Zerg Melee Weapons Level 1  
  151  9:14  Overseer x2  
  151  9:36  Extractor  
  151  9:37  Extractor  
  149  9:39  Overseer  
  149  9:41  Corruptor x4  
  157  9:55  Corruptor x2  
  157  9:59  Zergling x18  
  173  10:00  Zergling x22  
  181  10:13  Hive  
  181  10:16  Zerg Ground Armor Level 2  
  181  10:40  Hatchery  
  180  11:03  Zerg Missile Weapons Level 2  
  180  11:09  Baneling x2  
  180  11:10  Baneling x16  
  155  11:11  Roach  
  155  11:12  Roach x14  
  123  11:29  Roach  
  123  11:30  Roach x6  
  125  11:43  Roach x5  
  117  11:55  Zergling x8  
  111  12:11  Hatchery  
  111  12:12  Corruptor x5  
  120  12:27  Extractor x2  
  118  12:30  Greater Spire  
  118  12:31  Adrenal Glands  
  118  12:39  Ultralisk Cavern  
  109  13:12  Zergling x30  
  108  13:13  Zergling x6  
  105  13:32  Baneling  
  105  13:33  Baneling x5  
  91  13:38  Zergling x20  
  101  13:49  Zergling x10  
Show
View Real Time Build Order
Export as new Build Order

ViBE Terran - Winner!

Build Orders:  

Get SALT Encoding   

  12  0:00  SCV  
  13  0:12  SCV  
  14  0:18  Supply Depot  
  14  0:24  SCV  
  15  0:40  SCV  
  15  0:41  Barracks  
  16  0:45  Refinery  
  16  0:52  SCV  
  17  1:04  SCV  
  18  1:16  SCV  
  19  1:31  Orbital Command  
  19  1:36  Command Center  
  19  1:43  Marine  
  20  1:48  Supply Depot  
  20  1:57  SCV  
  21  2:07  Marine  
  22  2:09  SCV, Factory  
  23  2:21  SCV  
  24  2:31  Barracks Reactor  
  24  2:33  SCV  
  25  2:45  SCV  
  25  2:46  Supply Depot  
  26  2:52  Orbital Command  
  26  2:56  Barracks  
  26  2:57  SCV  
  27  3:00  Factory Tech Lab  
  27  3:09  SCV  
  27  3:10  Refinery  
  28  3:19  SCV  
  29  3:21  SCV  
  29  3:23  Marine x2, Siege Tank  
  29  3:26  Supply Depot  
  35  3:31  SCV  
  35  3:34  SCV  
  37  3:41  Marine x2  
  37  3:43  SCV  
  37  3:46  SCV  
  37  3:47  Barracks Tech Lab  
  37  3:48  Starport  
  41  3:51  Supply Depot  
  41  3:55  SCV  
  42  3:58  SCV  
  42  4:01  Marine x2  
  45  4:07  SCV  
  45  4:08  Siege Tank  
  49  4:10  SCV  
  49  4:11  Marine  
  49  4:13  Supply Depot  
  51  4:19  SCV, Marine x2, Supply Depot  
  51  4:22  SCV  
  55  4:25  Starport Reactor  
  55  4:31  SCV  
  55  4:34  SCV  
  55  4:36  Marine x2  
  55  4:37  Marine  
  60  4:41  Siege Tank  
  60  4:45  SCV  
  64  4:46  SCV  
  64  4:52  Command Center  
  65  4:57  SCV  
  65  4:58  SCV  
  67  5:01  Refinery, Marine x2  
  67  5:02  Refinery  
  69  5:09  SCV, Supply Depot x2  
  69  5:10  SCV, Marine  
  72  5:14  Stimpack  
  72  5:19  Marine x2  
  72  5:20  Engineering Bay  
  74  5:21  SCV, Engineering Bay  
  74  5:22  SCV  
  76  5:34  SCV  
  76  5:35  SCV  
  78  5:40  Medivac x2  
  82  5:46  SCV  
  83  5:52  SCV  
  84  5:58  SCV  
  84  6:00  Terran Infantry Armor Level 1, Terran Infantry Weapons Level 1  
  85  6:07  Barracks  
  85  6:08  Barracks  
  85  6:09  Barracks  
  85  6:10  Orbital Command, Armory, Barracks  
  85  6:12  Marine x2  
  85  6:13  Marine  
  85  6:14  Medivac  
  85  6:16  SCV x2  
  92  6:28  SCV x2  
  92  6:30  Marine x3  
  97  6:35  Orbital Command  
  98  6:40  SCV x2  
  99  6:48  Marine x3  
  102  6:56  SCV x2  
  104  7:02  Refinery, SCV  
  104  7:03  Refinery, Command Center  
  104  7:08  SCV x2  
  107  7:14  Barracks Reactor, SCV, Marine  
  107  7:15  Barracks Reactor x3  
  109  7:16  Marine x2  
  109  7:17  Thor  
  117  7:26  SCV  
  117  7:27  SCV  
  116  7:30  Supply Depot  
  116  7:31  Supply Depot x2  
  116  7:32  Marine  
  116  7:33  Supply Depot  
  116  7:34  Medivac  
  116  7:36  Medivac  
  116  7:37  Supply Depot  
  116  7:42  Terran Vehicle Weapons Level 1  
  116  7:45  Combat Shield  
  116  7:50  Marine  
  116  7:51  Marine x10  
  119  7:53  SCV x2  
  119  7:55  SCV  
  122  8:07  Thor  
  122  8:08  Marine, Medivac x2  
  122  8:09  SCV  
  122  8:10  SCV x2  
  136  8:17  Command Center  
  136  8:29  SCV  
  136  8:30  SCV x2  
  136  8:31  Marine x11  
  150  8:35  Terran Infantry Armor Level 2, Terran Infantry Weapons Level 2  
  150  8:41  Supply Depot  
  150  8:42  Supply Depot  
  150  8:49  Marine x3  
  150  8:50  Missile Turret  
  150  8:52  Missile Turret  
  150  8:53  Missile Turret  
  153  8:56  Missile Turret x2  
  153  8:59  Planetary Fortress, Missile Turret x2  
  153  9:00  Missile Turret  
  151  9:03  Marine x8  
  151  9:06  Marine  
  151  9:07  Marine x2  
  151  9:09  Thor  
  168  9:17  Medivac x2  
  172  9:25  SCV x3  
  175  9:32  Command Center  
  175  9:37  Marine x11  
  186  9:51  Thor  
  192  9:56  Medivac x2  
  192  9:57  Marine, Missile Turret x2  
  192  9:58  Marine x3  
  198  10:17  Factory  
  198  10:18  Starport  
  198  10:21  Barracks  
  198  10:26  Barracks x2  
  198  10:27  Barracks  
  198  10:31  Barracks  
  198  10:32  Terran Vehicle Weapons Level 2  
  198  10:33  Barracks  
  198  10:34  Barracks  
  198  10:36  Barracks  
  198  10:52  Barracks  
  198  10:53  Barracks  
  198  11:01  SCV x2  
  200  11:10  SCV  
  200  11:11  SCV x2  
  180  11:13  SCV  
  180  11:17  Marine x8  
  180  11:18  Marauder, Thor  
  188  11:19  Factory Tech Lab  
  188  11:20  Starport Reactor  
  188  11:21  Medivac x2  
  184  11:26  Barracks Tech Lab x4  
  184  11:28  Barracks Reactor x4  
  154  11:32  Planetary Fortress  
  154  11:35  Terran Infantry Weapons Level 3, Terran Infantry Armor Level 3  
  154  11:40  Barracks Reactor  
  154  11:41  Barracks Reactor  
  154  11:43  Concussive Shells  
  138  11:54  Planetary Fortress  
  138  11:56  Marauder x2, Marine  
  138  11:57  Marauder x3, Marine x9  
  152  12:05  Marine  
  152  12:06  Marine x7  
  154  12:13  Thor x2  
  154  12:14  Marine x4  
  154  12:15  Marine x3  
  173  12:18  Marauder x5, Missile Turret  
  183  12:23  Medivac  
  183  12:24  Medivac x2  
  183  12:25  Marine x11  
  183  12:26  Missile Turret  
  200  12:37  Command Center  
  200  12:43  Command Center  
  200  12:45  Command Center  
  200  12:46  Command Center  
  200  12:53  Command Center  
  200  13:37  Command Center  
  200  13:40  Command Center  
  200  13:55  Orbital Command x2  
  198  13:58  Marauder  
  198  13:59  Marauder x3  
Tags
 
Composition
Muta Ling Bane
Matchup
TvZ
Player
ViBE
Replay Pack
Gold_League
Spawn Locations
Cross Positions
Add a new tag
Caveats
  • Supply blocks, unpowered buildings, or Contaminate may cause inaccurate times.
  • Supply counts are checked every 10 seconds.